 Dungeon Crawl Stone Soup version 0.30-a0-728-gc68057be0a (webtiles) character file.

Game seed: 7264192636097329073

4643 Fenrisus the Ruffian (level 10, -9/90 HPs)
             Began as a Troll Fighter on Jan 30, 2023.
             Was an Initiate of Gozag.
             Mangled by a wyvern (16 damage)
             ... on level 9 of the Dungeon.
             The game lasted 00:14:55 (6147 turns).

Fenrisus the Ruffian (Troll Fighter)                Turns: 6147, Time: 00:14:56

Health: -9/90      AC:  6    Str: 27    XL:     10   Next: 20%
Magic:  9/9        EV: 10    Int: 14    God:    Gozag
Gold:   748        SH: 14    Dex: 10    Spells: 9/9 levels left

rFire   . . .      SeeInvis .      - Unarmed
rCold   . . .      Faith    .    b - +0 kite shield
rNeg    . . .      Spirit   .    a - +0 robe
rPois   .          Reflect  +    u - +1 hat
rElec   .          Harm     .    r - +0 cloak
rCorr   +          Rampage  .    (gloves unavailable)
Will    .....                    (boots unavailable)
Stlth   +                        c - amulet of reflection
HPRegen 1.15/turn                l - ring of resist corrosion
MPRegen 0.11/turn                d - +6 ring of intelligence

@: no status effects
A: large, unfitting armour, claws 3, regeneration 1, shaggy fur 1, tough skin 1,
talons 1, clever 1, frail 1
a: Renounce Religion, Potion Petition, Call Merchant, Bribe Branch


You were on level 9 of the Dungeon.
You worshipped Gozag.
Gozag was pleased with you.
You visited 2 branches of the dungeon, and saw 10 of its levels.

You collected 823 gold pieces.
You paid 75 gold pieces to Gozag.

Inventory:

Missiles
 t - a throwing net (quivered)
Armour
 a - a +0 robe (worn)
 b - a +0 kite shield (worn)
 p - the +0 pair of boots "Ottoecel" {Contam Will+ rCorr Stlth+}
   (You found it on level 4 of the Dungeon)

   Contam:    It causes magical contamination when unequipped.
   rCorr:     It protects you from acid and corrosion.
   Will:      It increases your willpower.
   Stlth:     It makes you more stealthy.
 r - a +0 cloak (worn)
 u - a +1 hat (worn)
Jewellery
 c - an amulet of reflection (around neck)
 d - a +6 ring of intelligence (right claw)
 k - a ring of wizardry
 l - a ring of resist corrosion (left claw)
 x - an amulet of faith
Wands
 m - a wand of flame (30)
 w - a wand of polymorph (11)
Scrolls
 e - 3 scrolls of amnesia
 f - 2 scrolls of blinking
 h - 6 scrolls of teleportation
 v - a scroll of enchant weapon {unknown}
 y - a scroll of identify
Potions
 g - a potion of haste
 i - 2 potions of heal wounds {unknown}
 j - 2 potions of brilliance
 n - 2 potions of flight {unknown}
 o - a potion of attraction {unknown}
 q - a potion of cancellation
 s - 3 potions of curing {unknown}


   Skills:
 + Level 6.6 Fighting
 + Level 6.6 Dodging
 + Level 7.3 Shields
 + Level 7.6 Unarmed Combat
 - Level 2.0 Evocations


You had 9 spell levels left.
You didn't know any spells.
Your spell library contained the following spells:

 Spells                   Type           Power      Damage    Failure   Level
 Sting                    Tmut/Pois      0%         1d3       52%         1
 Cigotuvi's Dreadful Rot  Necr/Pois/Air  0%         N/A       65%         2
 Poisonous Vapours        Pois/Air       0%         N/A       65%         2
 Sublimation of Blood     Necr           0%         N/A       65%         2
 Inner Flame              Hex/Fire       0%         N/A       87%         3
 Mephitic Cloud           Conj/Pois/Air  0%         N/A       87%         3
 Summon Guardian Golem    Hex/Summ       0%         N/A       87%         3
 Flame Wave               Conj/Fire      0%         2d4       99%         4
 Olgreb's Toxic Radiance  Pois           0%         N/A       99%         4
 Petrify                  Tmut/Erth      0%         N/A       99%         4
 Sticky Flame             Conj/Fire      0%         2d3       99%         4
 Irradiate                Conj/Tmut      0%         3d11      100%        5
 Orb of Destruction       Conj           0%         9d5       100%        7
 Spellforged Servitor     Conj/Summ      0%         N/A       100%        7


Dungeon Overview and Level Annotations

Branches:
Dungeon (9/15)             Temple (1/1) D:6
   Lair: D:8-11         Orc: D:9-12

Altars:
Ashenzari
Cheibriados
Dithmenos
Elyvilon
Fedhas
Gozag
Hepliaklqana
Kikubaaqudgha
Makhleb
Nemelex Xobeh
Okawaru
Qazlal
Ru
Sif Muna
Trog
Uskayaw
Vehumet
Wu Jian
Xom
Yredelemnul
Zin
The Shining One

Shops:
D:6 :


Innate Abilities, Weirdness & Mutations

You are too large for most types of armour.
You have claws for hands.
Your natural rate of healing is unusually fast.
You are covered in fur. (AC +1)
You have tough skin. (AC +1)
You have sharp toenails.
Your mind is acute. (Int +4, Str/Dex -1)
You are frail. (-10% HP)


Message History

You kill the electric eel!
You now have 748 gold pieces (gained 4).
The shadow hits you.
You scratch the shadow but do no damage.
You claw the shadow, but do no damage. The shadow hits you.
You are too injured to fight recklessly!
You are too injured to fight recklessly!
You are too injured to fight recklessly!
You are too injured to fight recklessly!
You are too injured to fight recklessly!
You scratch the shadow.
The shadow is lightly damaged.
The shadow hits you!
You scratch the shadow but do no damage.
The shadow is lightly damaged.
The shadow slips into darkness.
The shadow flickers and vanishes!
Deactivating autopickup; reactivate with Ctrl-A.
You miss something. You claw something.
The shadow strikes at you from the darkness!
Reactivating autopickup.
You scratch the shadow but do no damage.
The shadow is moderately damaged.
You claw the shadow! You claw the shadow.
The shadow is almost destroyed.
The shadow slips into darkness.
The shadow flickers and vanishes!
Deactivating autopickup; reactivate with Ctrl-A.
You miss something.
The shadow strikes at you from the darkness!
* * * LOW HITPOINT WARNING * * *
Reactivating autopickup.
You hear an angry hiss.
You claw the shadow!
You destroy the shadow!
A wyvern comes into view.
You see here 5 gold pieces.
The wyvern bites you!
You die...
Your body crumbles into a pile of gold.

...... ......
......#####
......≈≈≈≈##
.....≈≈≈≈≈≈##
#...≈≈≈<>≈≈≈##
#..≈≈≈....≈≈≈##
#.≈≈≈.8.$8.≈≈≈#
..≈≈8##@'##8≈≈#
.≈≈≈##.l..##≈≈≈#
.≈≈##......##≈≈.#
.≈≈#..####..#≈≈.#
.≈≈#.. $ ..#≈≈.#
≈≈#.. ..#≈≈.#
.≈≈#. .#≈≈ .≈≈##
≈≈


You could see a wyvern.

Vanquished Creatures
  A two-headed ogre (D:7)
  A troll (D:7)
  2 hornets
  2 shadows
  A steam dragon (D:8)
  Edmund (D:4)
  An orc warrior (D:6)
  2 sky beasts (D:8)
  2 black bears
  6 ice beasts
  3 ogres
  2 centaurs
  A kobold brigand (D:8)
  4 bullfrogs
  A scorpion (D:6)
  A necrophage (D:5)
  A gnoll sergeant (D:5)
  3 wights (D:8)
  4 killer bees (D:8)
  An electric eel (D:9)
  3 hounds
  3 jellies
  A gnoll bouda (D:5)
  An orc priest (D:8)
  An iguana (D:7)
  3 orc wizards
  9 gnolls (D:5)
  5 adders
  A shadow imp (D:7)
  2 white imps
  An ufetubus (D:6)
  A worm (D:2)
  3 dart slugs
  26 orcs
  8 ball pythons
  4 endoplasms
  2 giant cockroaches
  9 goblins
  9 hobgoblins
  4 jackals (D:5)
  6 quokkas
  2 bats
  9 kobolds
  2 rats (D:1)
155 creatures vanquished.

Notes
Turn   | Place    | Note
-------+----------+-------------------------------------------
     0 | D:1      | Fenrisus the Troll Fighter began the quest for the Orb.
     0 | D:1      | Reached XP level 1. HP: 22/22 MP: 0/0
    51 | D:1      | Reached XP level 2. HP: 23/29 MP: 1/1
   528 | D:2      | Reached XP level 3. HP: 36/36 MP: 2/2
   916 | D:2      | Found a faded altar of an unknown god.
  1145 | D:2      | Reached XP level 4. HP: 44/44 MP: 3/3
  1681 | D:3      | Reached XP level 5. HP: 53/53 MP: 4/4
  1881 | D:4      | Noticed Edmund
  1897 | D:4      | Killed Edmund
  1898 | D:4      | Reached XP level 6. HP: 18/61 MP: 5/5
  2260 | D:4      | Identified the +0 pair of boots "Ottoecel" {Contam Will+
                  | rCorr Stlth+}
  2611 | D:5      | Entered Level 5 of the Dungeon
  2667 | D:5      | Reached XP level 7. HP: 27/68 MP: 6/6
  3415 | D:6      | Found Pyoliosk's Book Emporium.
  3493 | D:6      | Reached skill level 5 in Shields
  3528 | D:6      | Reached XP level 8. HP: 65/79 MP: 7/7
  3542 | D:6      | Reached skill level 5 in Unarmed Combat
  3542 | D:6      | Reached skill level 1 in Evocations
  3579 | D:6      | Found a staircase to the Ecumenical Temple.
  3625 | D:6      | Noticed a hornet
  3635 | D:6      | Killed a hornet
  3636 | D:6      | Gained mutation: You possess an exceptional clarity of
                  | mind. [potion of mutation]
  3636 | D:6      | Gained mutation: A frigid envelope surrounds you and
                  | freezes all who hurt you. [potion of mutation]
  3636 | D:6      | Gained mutation: Your mind is acute. (Int +4, Str/Dex -1)
                  | [potion of mutation]
  3717 | Temple   | Entered the Ecumenical Temple
  3885 | Temple   | Became a worshipper of Gozag Ym Sagoz the Greedy
  3908 | D:6      | Identified a scroll of acquirement
  3908 | D:6      | Acquired an amulet of reflection
  3983 | D:6      | Reached skill level 5 in Fighting
  3983 | D:6      | Reached skill level 5 in Dodging
  4407 | D:7      | Reached XP level 9. HP: 82/88 MP: 8/8
  4451 | D:7      | Found a stormy altar of Qazlal.
  4453 | D:7      | Found a sacrificial altar of Ru.
  4605 | D:7      | Noticed a troll
  4612 | D:7      | Killed a troll
  4677 | D:7      | Found an ancient bone altar of Kikubaaqudgha.
  4815 | D:8      | Noticed a two-headed ogre
  4828 | D:7      | Killed a two-headed ogre
  4857 | D:8      | Found a blossoming altar of Fedhas.
  4898 | D:8      | Lost mutation: You possess an exceptional clarity of mind.
                  | [potion of mutation]
  4898 | D:8      | Lost mutation: A frigid envelope surrounds you and freezes
                  | all who hurt you. [potion of mutation]
  4898 | D:8      | Gained mutation: You are frail. (-10% HP) [potion of
                  | mutation]
  4898 | D:8      | Gained mutation: You have sharp toenails. [potion of
                  | mutation]
  5116 | D:8      | Reached XP level 10. HP: 70/90 MP: 9/9
  6144 | D:9      | HP: 3/90 [something (28)]
  6147 | D:9      | Mangled by a wyvern

Illustrated notes

Levels and vault maps discovered:
D:1:      dpeg_arrival_renting, layout_rooms, serial_curves, eino_curves_02,
          eino_curves_04
D:2:      layout_basic, dreamdust_ecumenical_altar_grove,
          kennysheep_nondescript, minmay_tripent
D:3:      layout_rooms
D:4:      layout_basic, uniq_edmund
D:5:      layout_basic, minmay_misc_feat_diagonals
D:6:      layout_cave_pools, minmay_temple_entry_crystal_x, serial_shops,
          nicolae_shop_hallway_stairs
D:7:      layout_rooms, nicolae_overflow_hidden_temple
D:8:      layout_basic, amcnicky_altar_gilded, minmay_bent
D:9:      layout_cave_pools, serial_shops,
          nicolae_shop_competitors_out_of_business, kennysheep_island_fort
Temple:   nicolae_temple_bog_church

Skill      XL: |  1  2  3  4  5  6  7  8  9 |
---------------+----------------------------+-----
Shields        | 3 4 5 7 |  7.3
Dodging        | 3 4 5 6 |  6.6
Fighting       | 3 4 5 6 |  6.6
Unarmed Combat | 3 4 6 7 |  7.6
Evocations     | 2 |  2.0

Action                     |  1- 3 |  4- 6 |  7- 9 | 10-12 || total
---------------------------+-------+-------+-------+-------++-------
  Melee: Unarmed           |   119 |   121 |   211 |    48 ||   499
         Kick              |       |       |     7 |    12 ||    19
  Evoke: Wand              |       |     2 |    28 |       ||    30
    Use: Scroll            |       |     7 |     6 |       ||    13
         Potion            |       |     1 |     4 |       ||     5
   Stab: Sleeping          |     1 |       |       |       ||     1
         Distracted        |       |       |     1 |     1 ||     2
 Armour: Robe              |    46 |    27 |    43 |    11 ||   127
  Dodge: Dodged            |    49 |    56 |    66 |    16 ||   187
  Block: Kite shield       |    64 |    63 |   143 |    26 ||   296
         Reflection        |       |       |     1 |       ||     1

Table legend: (Time is in decaauts)
 A = Elapsed time spent in this place.
 B = Non-inter-level travel time spent in this place.
 C = Inter-level travel time spent in this place.
 D = Time resting spent in this place.
 E = Time spent auto-exploring this place.
 F = Levels seen in this place.
 G = Mean time per level.
                   A        B        C        D        E       F      G
               +--------+--------+--------+--------+--------+-----+--------+
         Total |   6173 |   5718 |    455 |    298 |   4355 |  10 |  617.3 |
       Dungeon |   5984 |   5573 |    411 |    298 |   4226 |   9 |  664.9 |
        Temple |    188 |    144 |     44 |      0 |    129 |   1 |  188.0 |
               +--------+--------+--------+--------+--------+-----+--------+

Top non-repeatable levels by time:
     D:8: 1302 daAuts
     D:2: 879 daAuts
     D:5: 806 daAuts
     D:4: 740 daAuts
     D:6: 669 daAuts
     D:7: 557 daAuts
     D:1: 524 daAuts
     D:3: 483 daAuts
  Temple: 188 daAuts
     D:9: 20 daAuts
